 Dungeon Crawl Stone Soup version 0.27.1-33-g824d729ab1 (webtiles) character file.

Game seed: 1329455587072940299

102 13raion the Chopper (level 4, -1/42 HPs)
             Began as a Minotaur Berserker on Dec 4, 2021.
             Was a Believer of Trog.
             Slain by an orc wizard (3 damage)
             ... on level 3 of the Dungeon.
             The game lasted 00:03:08 (1822 turns).

13raion the Chopper (Minotaur Berserker)            Turns: 1822, Time: 00:03:09

Health: -1/42      AC:  5    Str: 22    XL:     4   Next: 50%
Magic:  3/3        EV: 11    Int:  4    God:    Trog [**....]
Gold:   123        SH:  0    Dex: 10    Spells: 3/3 levels left

rFire    . . .     SeeInvis .   a - +0 hand axe
rCold    . . .     Faith    .   (no shield)
rNeg     . . .     Spirit   .   g - +0 ring mail
rPois    .         Reflect  .   (helmet restricted)
rElec    .         Harm     .   (no cloak)
rCorr    .         Rampage  .   (no gloves)
Will     .....                  (no boots)
Stlth    ..........             (no amulet)
HPRegen  0.14/turn              (no ring)
MPRegen  0.08/turn              (no ring)

@: no status effects
A: horns 2, retaliatory headbutt
a: Renounce Religion, Berserk, Trog's Hand


You were on level 3 of the Dungeon.
You worshipped Trog.
Trog was pleased with you.
You visited 1 branch of the dungeon, and saw 3 of its levels.

You collected 123 gold pieces.

Inventory:

Hand Weapons
 a - a +0 hand axe (weapon)
Armour
 g - a +0 ring mail (worn)
Scrolls
 c - a scroll of vulnerability {unknown}
 d - a scroll of torment {unknown}
 f - a scroll of noise {unknown}
 h - a scroll of identify {unknown}
Potions
 b - a potion of flight {unknown}
 e - a potion of lignification {unknown}


   Skills:
 + Level 5.0 Fighting
 + Level 5.4 Axes
 - Level 2.4 Armour
 - Level 2.1 Dodging


You had 3 spell levels left.
You didn't know any spells.
Your spell library was empty.

Dungeon Overview and Level Annotations

Branches:
Dungeon (3/15)

Altars:
Cheibriados

Shops:
D:2 (


Innate Abilities, Weirdness & Mutations

You have a pair of horns on your head.
You reflexively headbutt those who attack you in melee.


Message History

The magic dart hits you.
The orc priest hits you but does no damage.
The ball python closely misses you. The ball python grabs you.
The ball python constricts you.
You hit the orc priest but do no damage.
You headbutt the orc priest!
The orc priest is almost dead.
You barely miss the orc. You barely miss the orc wizard.
You barely miss the ball python. The orc wizard completely misses you.
The orc barely misses you. The ball python bites you.
The ball python constricts you.
You hit the orc wizard.
The orc wizard is severely wounded.
You hit the orc but do no damage. You barely miss the orc.
You hit the ball python.
You kill the ball python!
Trog accepts your kill.
The orc wizard hits you but does no damage.
The orc misses you. You furiously retaliate!
You headbutt the orc, but do no damage.
The orc priest calls down the wrath of Beogh upon you.
Beogh smites you!
You hit the orc wizard. Your headbutt misses the orc wizard.
The orc wizard is severely wounded.
You closely miss the orc. You slash the orc!
You kill the orc!
Trog accepts your kill.
The orc wizard hits you but does no damage.
The orc priest calls down the wrath of Beogh upon you.
Beogh smites you!
* * * LOW HITPOINT WARNING * * *
The orc wizard hits you with a +0 dagger.
* * * LOW HITPOINT WARNING * * *
Things that are here:
a +0 falchion; a +0 leather armour You hit the orc.
The orc is heavily wounded.
You hit the orc priest. You closely miss the orc wizard.
The orc wizard hits you with a +0 dagger.
You die...

#.# #.# #.# #.#
##.##
.#####...#####..
.......#).......
######.)...###.#
####@.#......
#..ooo..##...#
#.##†#### .### #
#.# # #.# #.#
... ... ...


You could see an orc priest, an orc wizard and an orc.

Vanquished Creatures
  Natasha (twice) (D:2)
  An adder (D:2)
  A worm (D:2)
  2 orcs (D:3)
  5 endoplasms
  2 giant cockroaches (D:1)
  2 hobgoblins
  6 ball pythons
  4 bats
  5 frilled lizards
  3 goblins
  4 kobolds
  3 rats
40 creatures vanquished.

Vanquished Creatures (others)
  3 plants (D:3)
3 creatures vanquished.

Grand Total: 43 creatures vanquished

Notes
Turn   | Place    | Note
-------+----------+-------------------------------------------
     0 | D:1      | 13raion the Minotaur Berserker began the quest for the Orb.
     0 | D:1      | Reached XP level 1. HP: 19/19 MP: 0/0
   230 | D:1      | Reached XP level 2. HP: 27/27 MP: 1/1
   779 | D:2      | Reached ** piety under Trog
   957 | D:2      | Found a faded altar of an unknown god.
  1137 | D:2      | Reached XP level 3. HP: 33/34 MP: 2/2
  1169 | D:2      | Found Nopymm's Weapon Shop.
  1287 | D:2      | Noticed Natasha
  1294 | D:2      | Killed Natasha
  1295 | D:2      | Reached skill level 5 in Axes
  1372 | D:2      | Noticed Natasha
  1377 | D:2      | Killed Natasha
  1378 | D:2      | Reached skill level 5 in Fighting
  1378 | D:2      | Reached XP level 4. HP: 30/42 MP: 3/3
  1651 | D:3      | Found a snail-covered altar of Cheibriados.
  1821 | D:3      | HP: 2/42 [orc wizard (4)]
  1822 | D:3      | Slain by an orc wizard

Illustrated notes

Levels and vault maps discovered:
D:1:      eino_arrival_water_star, layout_basic, minmay_lizard_pond
D:2:      layout_basic, shapermc_ecumenical_altar_totnotflames, serial_shops,
          shop, uniq_natasha
D:3:      cheibrodos_old_hovel, layout_loops_ring, grunt_temple_overflow_open

Skill      XL: |  1  2  3 |
---------------+----------+-----
Fighting       | 4 5 |  5.0
Axes           | 4 5 |  5.4
Armour         | |  2.4
Dodging        | |  2.1

Action                   |  1- 3 |  4- 6 || total
-------------------------+-------+-------++-------
Melee: Hand axe          |    62 |    28 ||    90
       Headbutt          |    13 |     4 ||    17
Armor: Animal skin       |     7 |       ||     7
       Ring mail         |    15 |    10 ||    25
Dodge: Dodged            |    50 |    22 ||    72
